 Dungeon Crawl Stone Soup version 0.29-a0-757-g358383bc75 (webtiles) character file.

Game seed: 2395951936493971170

15875 frimble the Fighter (level 12, -6/112 HPs)
             Began as a Minotaur Hunter on June 30, 2022.
             Was a High Priest of Okawaru.
             Mangled by a catoblepas (14 damage)
             ... on level 2 of the Lair of Beasts.
             The game lasted 00:20:18 (14740 turns).

frimble the Fighter (Minotaur Hunter)              Turns: 14740, Time: 00:20:18

Health: -6/112     AC: 17    Str: 17    XL:     12   Next: 5%
Magic:  11/15      EV: 12    Int:  6    God:    Okawaru [*****.]
Gold:   966        SH: 15    Dex: 18    Spells: 11/11 levels left

rFire   + . .      SeeInvis +   z - +0 rapier
rCold   . . .      Faith    +   t - +4 kite shield {AC+3}
rNeg    . . .      Spirit   .   A - +6 leather armour of the Three of Swords {rPois rF+}
rPois   +          Reflect  .   (helmet restricted)
rElec   .          Harm     .   u - +0 cloak
rCorr   +          Rampage  .   p - +0 pair of gloves
Will    .....                   o - +2 pair of boots
Stlth   ++........              g - amulet of the Twenty Yaks {Faith rCorr Slay+2}
HPRegen 0.28/turn               w - ring of see invisible
MPRegen 0.14/turn               (no ring)

@: mighty, finesse-ful
A: horns 2, retaliatory headbutt
a: Renounce Religion, Heroism, Finesse, Duel


You were on level 2 of the Lair of Beasts.
You worshipped Okawaru.
Okawaru was extremely pleased with you.
You visited 3 branches of the dungeon, and saw 14 of its levels.
You also visited: Bailey.

You collected 966 gold pieces.

Inventory:

Hand Weapons
 a - a +1 vorpal sling
 b - a +0 scimitar
 x - a +1 dagger of draining
 z - a +0 rapier (weapon)
Armour
 o - a +2 pair of boots (worn)
 p - a +0 pair of gloves (worn)
 t - a +4 kite shield of protection (worn)
 u - a +0 cloak (worn)
 A - the +6 leather armour of the Three of Swords (worn) {rPois rF+}
   (You found it on level 8 of the Dungeon)

   rF:        It protects you from fire.
   rPois:     It protects you from poison.
Jewellery
 g - the amulet of the Twenty Yaks (around neck) {Faith rCorr Slay+2}
   (You found it on level 4 of the Dungeon)

   [amulet of faith]

   It allows you to gain divine favour quickly.
   Slay:      It affects your accuracy & damage with ranged weapons and melee
   (+2).
   rCorr:     It protects you from acid and corrosion.
 i - a ring of flight
 w - a ring of see invisible (left hand)
 C - a ring of positive energy
 E - a +4 ring of protection
Wands
 d - a wand of iceblast (11)
 m - a wand of paralysis (6)
 y - a wand of digging (2)
Scrolls
 c - a scroll of enchant weapon
 l - 2 scrolls of immolation
 v - a scroll of silence
 B - a scroll of enchant armour
 D - a scroll of identify
Potions
 e - 11 potions of curing
 f - 7 potions of flight
 h - a potion of ambrosia
 j - a potion of cancellation
 k - a potion of might
 n - 3 potions of mutation
 q - 2 potions of haste
 r - a potion of attraction
 s - a potion of resistance


   Skills:
 + Level 11.9 Fighting
 + Level 10.2 Long Blades
 - Level 11.2 Ranged Weapons
 + Level 4.4 Dodging
 - Level 0.7 Stealth
 + Level 7.5 Shields
 + Level 5.5 Invocations
 + Level 6.4 Evocations


You had 11 spell levels left.
You didn't know any spells.
Your spell library contained the following spells:

 Spells                   Type           Power      Damage    Failure   Level
 Sting                    Tmut/Pois      0%         1d3       83%         1
 Poisonous Vapours        Pois/Air       0%         N/A       93%         2
 Dazzling Flash           Conj/Hex       0%         N/A       99%         3
 Ozocubu's Armour         Ice            0%         N/A       99%         3
 Olgreb's Toxic Radiance  Pois           0%         N/A       100%        4
 Agony                    Necr           0%         N/A       100%        5
 Silence                  Hex/Air        0%         N/A       100%        5
 Ozocubu's Refrigeration  Ice            0%         4d5       100%        7
 Summon Small Mammal      Summ           Unusable   N/A       N/A         1
 Call Canine Familiar     Summ           Unusable   N/A       N/A         3
 Summon Guardian Golem    Hex/Summ       Unusable   N/A       N/A         3

Dungeon Overview and Level Annotations

Branches:
Dungeon (11/15)            Temple (1/1) D:7            Lair (2/6) D:9
    Orc (0/2) D:9          Bailey (visited)
  Swamp: Lair:2-4    Shoals: Lair:2-4     Snake: Lair:2-4    Spider: Lair:2-4

Altars:
Ashenzari
Cheibriados
Dithmenos
Elyvilon
Fedhas
Gozag
Kikubaaqudgha
Makhleb
Okawaru
Ru
Trog
Uskayaw
Vehumet
Wu Jian
Xom
The Shining One

Shops:
D:5 ((   D:6 =   D:7 =   D:10 !

Annotations:
D:3 3 runed translucent doors, coolguy69's ghost, amateur HOMo; coolguy69's ghost, amateur VSBe; coolguy69's ghost, amateur VSMo; turdburglar's ghost, weakling DsBr


Innate Abilities, Weirdness & Mutations

You have a pair of horns on your head.
You reflexively headbutt those who attack you in melee.


Message History

The six-headed hydra bites you but does no damage.
You block the six-headed hydra's attack.
The six-headed hydra bites you but does no damage.
You block the six-headed hydra's attack.
You puncture the six-headed hydra!
Your headbutt misses the six-headed hydra.
The six-headed hydra is severely wounded.
You puncture the six-headed hydra!
Your headbutt misses the six-headed hydra.
The six-headed hydra is severely wounded.
The six-headed hydra closely misses you.
The six-headed hydra bites you.
You block the six-headed hydra's attack.
The six-headed hydra bites you. x3
* * * LOW HITPOINT WARNING * * *
You hit the six-headed hydra.
The six-headed hydra is severely wounded.
You puncture the six-headed hydra!
The six-headed hydra is almost dead.
The six-headed hydra bites you.
* * * LOW HITPOINT WARNING * * *
You block the six-headed hydra's attack.
The six-headed hydra bites you.
* * * LOW HITPOINT WARNING * * *
The six-headed hydra bites you but does no damage.
The six-headed hydra bites you!
* * * LOW HITPOINT WARNING * * *
The six-headed hydra closely misses you.
You barely miss the six-headed hydra.
The six-headed hydra is almost dead.
You puncture the six-headed hydra!
You kill the six-headed hydra!
Okawaru is honoured by your kill.
You have reached level 12!
You feel agile.
Aiming: Duel (52% risk of failure)
Press: ? - help, Dir - move target, f - yak
Aim: a yak You fail to use your ability.
The catoblepas gores you!
You die...

#......F.#
##Y....P>.#
#.Y#Y#.....
#.Y####.#.#
#YY## .P..
##YY# ..#
#S###....P
##YYSSh...
#@#.##....
##### .#


You could see a catoblepas, 7 yaks, 3 water moccasins and a wolf.

Vanquished Creatures
  2 hydras (Lair:2)
  2 two-headed ogres
  4 skeletal warriors (D:10)
  A deep elf archer (D:10)
  An orc knight (Bailey)
  2 cane toads
  An unseen horror (D:10)
  2 komodo dragons
  A queen bee (shapeshifter) (D:11)
  A hornet (D:8)
  A shadow (D:11)
  A wraith (D:9)
  18 yaks
  A steam dragon (D:5)
  2 acid dragons
  5 water moccasins
  Duvessa (D:6)
  12 orc warriors
  A black bear (D:4)
  An ogre (D:5)
  3 centaurs
  4 wolves (Lair:2)
  A kobold brigand (D:8)
  6 bullfrogs
  2 gnoll sergeants
  2 necrophages
  4 scorpions
  Dowan (D:6)
  5 wights
  3 howler monkeys
  5 hounds
  A gnoll shaman (D:7)
  6 orc priests
  6 jellies
  Natasha (thrice) (D:3)
  4 iguanas
  9 orc wizards
  Ijyb (D:5)
  5 hell rats (D:8)
  16 gnolls
  9 adders
  9 river rats (D:8)
  A shadow imp (D:8)
  A white imp (D:7)
  2 ufetubi (D:5)
  3 worms
  3 dart slugs
  45 orcs
  5 bats
  9 endoplasms
  4 giant cockroaches
  10 goblins
  8 hobgoblins
  6 jackals
  25 kobolds
  10 quokkas
  7 ball pythons
  7 frilled lizards
  22 rats
333 creatures vanquished.

Vanquished Creatures (others)
  An ufetubus (D:6)
  A bush (Lair:2)
  31 fungi
  34 plants
  2 withered plants (D:3)
69 creatures vanquished.

Grand Total: 402 creatures vanquished

Notes
Turn   | Place    | Note
-------+----------+-------------------------------------------
     0 | D:1      | frimble the Minotaur Hunter began the quest for the Orb.
     0 | D:1      | Reached XP level 1. HP: 18/18 MP: 0/0
   138 | D:1      | Reached XP level 2. HP: 25/25 MP: 1/1
   590 | D:1      | Reached XP level 3. HP: 31/31 MP: 2/2
   701 | D:1      | Found a faded altar of an unknown god.
  1233 | D:2      | Reached skill level 5 in Ranged Weapons
  1533 | D:2      | Reached XP level 4. HP: 38/38 MP: 3/3
  2242 | D:3      | Noticed Natasha
  2245 | D:3      | Killed Natasha
  2358 | D:3      | Found a runed translucent gate.
  2359 | D:3      | Found a runed translucent gate.
  2360 | D:3      | Found a runed translucent gate.
  2361 | D:3      | Noticed coolguy69's ghost (amateur VSMo)
  2361 | D:3      | Noticed turdburglar's ghost (weakling DsBr)
  2362 | D:3      | Noticed coolguy69's ghost (amateur HOMo)
  2362 | D:3      | Noticed coolguy69's ghost (amateur VSBe)
  2569 | D:3      | Reached XP level 5. HP: 46/46 MP: 4/4
  2702 | D:3      | Noticed Natasha
  2713 | D:3      | Killed Natasha
  2820 | D:3      | Noticed Natasha
  2828 | D:3      | Killed Natasha
  3166 | D:4      | Reached skill level 5 in Fighting
  3166 | D:4      | Reached XP level 6. HP: 56/56 MP: 5/5
  3233 | D:4      | Found a radiant altar of Vehumet.
  3250 | D:4      | Identified the amulet of the Twenty Yaks {Faith rCorr
                  | Slay+2}
  3522 | D:4      | Found a shimmering altar of Xom.
  4024 | D:4      | Reached XP level 7. HP: 63/63 MP: 6/6
  4272 | D:4      | Reached skill level 1 in Long Blades
  4334 | D:5      | Entered Level 5 of the Dungeon
  4334 | D:5      | Found Kysh's Firing Range.
  4502 | D:5      | Found Rafil's Weapon Shop.
  4515 | D:5      | Noticed Ijyb
  4522 | D:5      | Killed Ijyb
  5033 | D:5      | Found an ornate altar of the Wu Jian Council.
  5511 | D:6      | Reached XP level 8. HP: 70/73 MP: 7/7
  5700 | D:6      | Found Saicya's Jewellery Shoppe.
  6253 | D:7      | Reached skill level 5 in Long Blades
  6372 | D:7      | Found a flagged portal.
  6379 | Bailey   | Entered a bailey
  6387 | Bailey   | Noticed an orc knight
  6516 | Bailey   | Reached skill level 1 in Evocations
  6518 | Bailey   | Killed an orc knight
  6519 | Bailey   | Reached XP level 9. HP: 32/82 MP: 8/8
  7143 | D:7      | Found Innimp Yvos's Jewellery Shoppe.
  7267 | D:7      | Found a hide-covered altar of Uskayaw.
  7329 | D:7      | Found a staircase to the Ecumenical Temple.
  7357 | Temple   | Entered the Ecumenical Temple
  7414 | Temple   | Became a worshipper of Warmaster Okawaru
  7876 | D:7      | Reached skill level 1 in Shields
  8508 | D:6      | Noticed Dowan
  8515 | D:6      | Killed Dowan
  8518 | D:6      | Noticed Duvessa
  8529 | D:6      | Killed Duvessa
  8529 | D:6      | Reached * piety under Okawaru
  8886 | D:6      | Found a glowing golden altar of the Shining One.
  9507 | D:8      | Reached XP level 10. HP: 55/93 MP: 7/9
  9769 | D:8      | Reached skill level 1 in Invocations
  9868 | D:8      | Reached skill level 10 in Fighting
  9946 | D:8      | Noticed a two-headed ogre
  9963 | D:8      | Killed a two-headed ogre
  9963 | D:8      | Reached ** piety under Okawaru
  9964 | D:8      | Reached skill level 10 in Ranged Weapons
 10308 | D:8      | Identified the +6 leather armour of the Three of Swords
                  | {rPois rF+}
 10785 | D:9      | Found a staircase to the Orcish Mines.
 11354 | D:9      | Paralysed by an orc warrior for 2 turns
 11359 | D:9      | Noticed a two-headed ogre
 11374 | D:9      | Killed a two-headed ogre
 11374 | D:9      | Reached *** piety under Okawaru
 11375 | D:9      | Reached skill level 5 in Shields
 11601 | D:9      | Reached skill level 5 in Evocations
 11741 | D:9      | Found a staircase to the Lair.
 11842 | D:10     | Entered Level 10 of the Dungeon
 11842 | D:10     | Found Saawuek's Distillery.
 12327 | D:10     | Reached XP level 11. HP: 69/101 MP: 9/12
 12491 | D:10     | Noticed a skeletal warrior
 12491 | D:10     | Noticed a skeletal warrior
 12491 | D:10     | Noticed a skeletal warrior
 12505 | D:10     | Killed a skeletal warrior
 12505 | D:10     | Reached **** piety under Okawaru
 12519 | D:10     | Killed a skeletal warrior
 12778 | D:10     | Killed a skeletal warrior
 12958 | D:10     | Noticed a skeletal warrior
 12975 | D:10     | Killed a skeletal warrior
 13118 | D:10     | Noticed a deep elf archer
 13321 | D:10     | Killed a deep elf archer
 13321 | D:10     | Reached ***** piety under Okawaru
 13526 | D:10     | Identified the +3 spear "Atahob" {vorpal, rF+ MP-9 Str+4
                  | Stlth+}
 13764 | Lair:1   | Entered Level 1 of the Lair of Beasts
 13790 | Lair:1   | Found a white marble altar of Elyvilon.
 13844 | Lair:1   | Identified the +1 pair of gloves of Proximity {Rampage rF-
                  | Stlth+} (Okawaru gifted it to you on level 1 of the Lair of
                  | Beasts)
 13844 | Lair:1   | Received a gift from Okawaru
 14204 | Lair:1   | Reached skill level 5 in Invocations
 14653 | Lair:2   | Noticed a seven-headed hydra
 14661 | Lair:2   | Reached skill level 10 in Long Blades
 14674 | Lair:2   | Noticed a catoblepas
 14675 | Lair:2   | Noticed a six-headed hydra
 14703 | Lair:2   | Killed a seven-headed hydra
 14739 | Lair:2   | Killed a six-headed hydra
 14740 | Lair:2   | Reached XP level 12. HP: 8/112 MP: 10/15
 14740 | Lair:2   | Mangled by a catoblepas

Illustrated notes

Levels and vault maps discovered:
D:1:      sevenhm_arrival_forest_fort_small_5, layout_loops_ring,
          dreamdust_ecumenical_altar_hidden_monk_grotto
D:2:      layout_basic, minmay_cupped
D:3:      layout_loops_corners, gammafunk_ghost_cemetery, uniq_natasha
D:4:      layout_basic, tgw_xom, fiery_altar_vehumet, minmay_stone_trees_small
D:5:      layout_cave_pods, nzn_wu_jian_contemplation, serial_shops,
          nicolae_shop_hallway_plus, nicolae_shop_firing_range, uniq_ijyb
D:6:      layout_layer_cave, nicolae_tso_swordbearing_angel, serial_shops,
          shop_fountains, uniq_duvessa
D:7:      layout_gridville, mainiacjoe_overflow_catwalk,
          minmay_temple_entry_statues_pillars, serial_shops,
          nicolae_shop_hallway_stairs, enter_bailey_2
D:8:      lemuel_ratsnest, layout_rooms
D:9:      layout_basic, grunt_lair_entry_orc_guard_hut, hiddenorc2_lemuel,
          minmay_misc_feat_enclosed
D:10:     layout_long_grid, serial_shops,
          nicolae_shop_temple_entry_statues_fountains, kennysheep_just_a_vault
D:11:     layout_loops_ring, serial_shops, nicolae_shop_waterfront,
          grunt_ministairs_14, uniq_psyche
Temple:   bh_familiar_temple
Lair:1:   layout_long_grid, basic_altar, nicolae_lair_grove_arrangements,
          infiniplex_staircase_pool_2
Lair:2:   layout_loops_ring, minmay_swamp_entry_worms,
          minmay_snake_entry_six_corridors, basic_altar

Skill      XL: |  1  2  3  4  5  6  7  8  9 10 11 |
---------------+----------------------------------+-----
Fighting       | 3 4 5 6 7 8 9 10 11 | 11.9
Dodging        | 3 4 |  4.4
Ranged Weapons | 5 6 7 9 10 11 | 11.2
Long Blades    | 3 6 7 8 10 | 10.2
Evocations     | 2 3 5 6 |  6.4
Shields        | 3 5 7 |  7.5
Invocations    | 3 5 |  5.5
Stealth        | |  0.7

Action                   |  1- 3 |  4- 6 |  7- 9 | 10-12 || total
-------------------------+-------+-------+-------+-------++-------
Melee: Dagger            |       |     5 |    18 |       ||    23
       Headbutt          |       |     2 |    17 |   116 ||   135
       Scimitar          |       |       |    37 |   406 ||   443
       Punch             |       |       |       |     5 ||     5
       Rapier            |       |       |       |    28 ||    28
 Fire: Shortbow          |    95 |     9 |       |       ||   104
       Sling             |       |   158 |   266 |    86 ||   510
Invok: Heroism           |       |       |     1 |    18 ||    19
       Finesse           |       |       |       |     1 ||     1
Evoke: Wand              |       |       |    16 |     2 ||    18
  Use: Scroll            |       |     7 |     8 |     6 ||    21
       Potion            |       |       |     4 |     8 ||    12
 Stab: Paralysed         |       |       |     7 |       ||     7
       Distracted        |       |       |       |     1 ||     1
       Sleeping          |       |       |       |     1 ||     1
Armor: Leather armour    |     4 |    12 |    50 |   137 ||   203
Dodge: Dodged            |    15 |    51 |   124 |   202 ||   392
Block: Kite shield       |       |       |       |   159 ||   159

Table legend: (Time is in decaauts)
 A = Elapsed time spent in this place.
 B = Non-inter-level travel time spent in this place.
 C = Inter-level travel time spent in this place.
 D = Time resting spent in this place.
 E = Time spent auto-exploring this place.
 F = Levels seen in this place.
 G = Mean time per level.
                   A        B        C        D        E       F      G
               +--------+--------+--------+--------+--------+-----+--------+
         Total |  14806 |  13778 |   1028 |    192 |  11193 |  15 |  987.1 |
       Dungeon |  13156 |  12164 |    992 |    192 |  10017 |  11 | 1196.0 |
        Temple |     82 |     52 |     30 |      0 |     50 |   1 |   82.0 |
          Lair |    953 |    948 |      5 |      0 |    735 |   2 |  476.5 |
        Bailey |    613 |    613 |      0 |      0 |    391 |   1 |  613.0 |
               +--------+--------+--------+--------+--------+-----+--------+

Top non-repeatable levels by time:
    D:10: 1592 daAuts
     D:6: 1551 daAuts
     D:5: 1453 daAuts
     D:9: 1375 daAuts
     D:7: 1341 daAuts
     D:8: 1279 daAuts
     D:3: 1183 daAuts
     D:1: 1149 daAuts
     D:4: 1088 daAuts
     D:2: 1000 daAuts
  Lair:1: 889 daAuts
  Bailey: 613 daAuts
    D:11: 140 daAuts
  Temple: 82 daAuts
  Lair:2: 64 daAuts
